 Dungeon Crawl Stone Soup version 0.29.0-4-gdea44cf6ec (webtiles) character file.

Game seed: 799071142842000411

20 qw the Vexing (level 2, 0/27 HPs)
             Began as an Ogre Enchanter on Sept 3, 2022.
             Slain by an adder (4 damage)
             ... on level 2 of the Dungeon.
             The game lasted 00:00:53 (1398 turns).

qw the Vexing (Ogre Enchanter)                      Turns: 1398, Time: 00:00:53

Health: 0/27       AC:  3    Str: 11    XL:     2   Next: 79%
Magic:  5/5        EV:  9    Int: 16    God:
Gold:   27         SH:  0    Dex:  9    Spells: 5/5 levels left

rFire   . . .      SeeInvis .   Y - +0 club
rCold   . . .      Faith    .   (no shield)
rNeg    . . .      Spirit   .   b - +0 robe
rPois   .          Reflect  .   (helmet restricted)
rElec   .          Harm     .   (no cloak)
rCorr   .          Rampage  .   (gloves unavailable)
Will    +....                   (boots unavailable)
Stlth   ++........              (no amulet)
HPRegen 0.09/turn               i - ring of willpower
MPRegen 0.09/turn               (no ring)

@: lethally poisoned (0 -> -1)
A: large, unfitting armour, tough skin 1
a: no special abilities


You were on level 2 of the Dungeon.
You visited 1 branch of the dungeon, and saw 2 of its levels.

You collected 27 gold pieces.


Innate Abilities, Weirdness & Mutations

You are too large for most types of armour.
You have tough skin. (AC +1)


   Skills:
 - Level 1.0 Fighting
 - Level 0.8 Short Blades
 + Level 1.9 Maces & Flails
 - Level 1.7 Dodging
 - Level 2.1 Stealth
 - Level 2.4 Spellcasting
 - Level 2.6 Hexes


You had 5 spell levels left.
You didn't know any spells.
Your spell library contained the following spells:

 Spells                   Type           Power      Damage    Failure   Level
 Ensorcelled Hibernation  Hex/Ice        12%        N/A       17%         2
 Confusing Touch          Hex            10%        N/A       21%         3
 Tukima's Dance           Hex            10%        N/A       21%         3
 Dazzling Flash           Conj/Hex       12%        N/A       34%         3

Inventory:

Hand Weapons
 Y - a +0 club (weapon)
Armour
 b - a +0 robe (worn)
Jewellery
 i - a ring of willpower (left hand)
Scrolls
 h - a scroll of identify
Potions
 a - a potion of heal wounds {unknown}
 d - a potion of magic {unknown}
 j - a potion of ambrosia {unknown}

Dungeon Overview and Level Annotations

Branches:
Dungeon (2/15)

Altars:


Message History

You start resting.
HP restored.
Done exploring.
(D) Dungeon
Where to? (* - list waypoints, Enter - D:2, ? - help)
What level of the Dungeon? (default 1, ? - help)
You climb downwards.
There is a stone staircase leading up, spattered with blood here.
An adder comes into view.
The adder moves out of view.
Enter note: The adder hisses angrily.
You closely miss the adder. The adder bites you.
The adder bites you but does no damage.
You miss the adder. The adder bites you. x2
You closely miss the adder. The adder bites you but does no damage.
You barely miss the adder. The adder barely misses you. The adder bites you.
You miss the adder. The adder bites you.
You barely miss the adder. The adder closely misses you.
The adder bites you but does no damage.
You barely miss the adder. The adder bites you.
You miss the adder. The adder bites you but does no damage.
The adder bites you.
You hit the adder but do no damage. The adder bites you.
You are poisoned.
The adder poisons you!
You barely miss the adder.
You feel sick. The adder barely misses you. The adder bites you.
You miss the adder.
You feel sick. The adder completely misses you.
You hit the adder.
The adder is lightly wounded.
You feel sick. The adder bites you but does no damage. The adder bites you.
You die...

##### ##...##
#####.....#
..........#
#####.....########
#####............#
..##.....#######.#
#........# #@#
.........# #S#
%<###....# #.# #.#
##.#.# #.# #.#
#.#.# #.# #[#
#.#.# #.# #.# .#
#.# #<# #.# ..#


You could see an adder.

Vanquished Creatures
  A dart slug (D:1)
  A ball python (D:1)
  An endoplasm (D:1)
  A goblin (D:1)
  A hobgoblin (D:1)
  2 jackals (D:1)
  A quokka (D:1)
  2 bats (D:1)
  3 frilled lizards (D:1)
  A kobold (D:1)
  5 rats
19 creatures vanquished.

Notes
Turn   | Place    | Note
-------+----------+-------------------------------------------
     0 | D:1      | qw the Ogre Enchanter began the quest for the Orb.
     0 | D:1      | Reached XP level 1. HP: 16/16 MP: 3/3
     0 | D:1      | 0 ||| qw: Version: 0.1-a-100-g36b9a1f
     0 | D:1      | 0 ||| qw: Game counter: 5052
     0 | D:1      | 0 ||| qw: Always use a shield: true
     0 | D:1      | 0 ||| qw: God list: Okawaru
     0 | D:1      | 0 ||| qw: Allow faded altars: false
     0 | D:1      | 0 ||| qw: Do Orc after D:15 true
     0 | D:1      | 0 ||| qw: Do second Lair branch before Depths: true
     0 | D:1      | 0 ||| qw: Lair rune preference: random
     0 | D:1      | 0 ||| qw: Plans: Normal
     0 | D:1      | 0 ||| PLANNING D:1-11
   342 | D:1      | Reached skill level 1 in Maces & Flails
   499 | D:1      | Reached skill level 1 in Fighting
   499 | D:1      | Reached XP level 2. HP: 26/27 MP: 5/5
   846 | D:1      | 846 ||| SWAPPING to +0 club.
   847 | D:1      | 847 ||| DROPPING +1 dagger.
  1185 | D:1      | 1185 ||| UPGRADING to ring of willpower.
  1186 | D:1      | 1186 ||| READING 2 scrolls labelled XOECATS POMM.
  1187 | D:1      | 1187 ||| READING scroll labelled HIDWUSITHE.
  1188 | D:1      | 1188 ||| READING scroll labelled DAYDAIHYDD.
  1189 | D:1      | 1189 ||| READING scroll labelled BIOVVO PUWK.
  1192 | D:1      | 1192 ||| DROPPING 2 potions of invisibility.
  1209 | D:2      | 1209 ||| STAIRDANCE
  1312 | D:2      | 1312 ||| STAIRDANCE
  1397 | D:2      | HP: 6/27 [poisoned by an adder]
  1398 | D:2      | Slain by an adder

Levels and vault maps discovered:
D:1:      doesnt_arrival_eight_statues, layout_loops_ring
D:2:      layout_loops_ring, hellmonk_ecumenical_altar_zigzags, serial_shops,
          nicolae_shop_stone

Skill      XL: |  1 |
---------------+----+-----
Maces & Flails | 1 |  1.9
Fighting       | 1 |  1.0
Short Blades   | |  0.8
Dodging        | |  1.7
Stealth        | |  2.1
Spellcasting   | |  2.4
Hexes          | |  2.6

Action                   || total
-------------------------++-------
Melee: Dagger            ||    72
       Club              ||    46
  Use: Scroll            ||     4
Armor: Robe              ||    27
Dodge: Dodged            ||    49

Table legend:
 A = Non-vault XP
 B = Vault XP
 C = Vault XP percentage of total XP
 D = Non-vault monster count
 E = Vault monster count
 F = Vault count percentage of total count
                 A         B        C        D         E       F
            +---------+---------+-------+---------+---------+-------
      Total |      29 |       0 |   0.0 |      19 |       0 |   0.0
            +---------+---------+-------+---------+---------+-------
        D:1 |      28 |       0 |   0.0 |      18 |       0 |   0.0
        D:2 |       1 |       0 |   0.0 |       1 |       0 |   0.0
            +---------+---------+-------+---------+---------+-------
